AoeStats
← MooseMooch

Hideout

509057236Analyzed
1v1 RM · 7d ago on Sep 25, 2026· 40m 59s· 2 players
Game mode
Random Map
Map size
Tiny (2 player)
Population
200
Speed
Normal
Resources
Standard
Victory
Conquest
Starting age
Dark Age
Ending age
Imperial Age
RankedLock teamsTeams togetherTeam positionsShared explorationLock speedFull tech treeHidden civsTurbo modeCheats
Victory
Defeat
🇩🇪 Portuguese · Germany
1300
+15
🇫🇷 Danes · France
1276
-15
Ciganino
11:11 Feudal Age
12:11 Loom
14:48 Castle Age
13:15 Double-Bit Axe
13:33 Stone Mining
14:26 Scale Mail Armor
17:51 Horse Collar
18:43 Bow Saw
23:53 Gambesons
25:59 Wheelbarrow
31:58 Imperial Age
29:28 Town Watch
30:14 Hamask
31:55 Chain Mail Armor
31:50 Forging
31:33 Fletching
32:10 Masonry
32:18 Arson
35:08 Chemistry
34:18 Squires
37:29 Conscription
38:57 Forging
41:10 Plate Mail Armor
41:15 Iron Casting
MooseMooch
11:03 Feudal Age
14:35 Castle Age
12:50 Double-Bit Axe
12:58 Horse Collar
13:24 Gold Mining
13:49 Fletching
15:16 Bodkin Arrow
19:12 Bow Saw
23:31 Crossbowman
31:17 Imperial Age
28:34 Loom
30:54 Thumb Ring
32:00 Bracer
33:03 Chemistry
32:28 Conscription
33:39 Arbalester
34:56 Wheelbarrow
34:25 Padded Archer Armor
35:03 Ballistics
35:12 Padded Archer Armor
37:03 Stone Mining
37:31 Hand Cart
38:59 Stone Shaft Mining
39:09 Leather Archer Armor
38:59 Scale Barding Armor
40:19 Ring Archer Armor
41:15 Husbandry
41:26 Bloodlines
40:37 Light Cavalry
41:59 Chain Barding Armor
Connection lost

Rejoining the realm…

Still unreachable

The connection could not be restored.

Session expired

The server has moved on; the page needs a fresh start.